 Dungeon Crawl Stone Soup version 0.22-b1-26-g9dbaab1112 (webtiles) character file.

100 Pisosu the Chopper (level 4, 0/41 HPs)
             Began as a Minotaur Berserker on Aug 9, 2018.
             Was a Believer of Trog.
             Killed from afar by Sigmund (6 damage)
             ... with a magic dart
             ... on level 2 of the Dungeon.
             The game lasted 00:02:03 (1139 turns).

Pisosu the Chopper (Minotaur Berserker)             Turns: 1139, Time: 00:02:04

Health: 0/41       AC:  9    Str: 22    XL:     4   Next: 46%
Magic:  3/3        EV:  8    Int:  4    God:    Trog [**....]
Gold:   70         SH:  0    Dex: 10    Spells: 3/3 levels left

rFire    + . .     SeeInvis .   a - +0 hand axe
rCold    . . .     Gourm    .   (no shield)
rNeg     . . .     Faith    .   i - +0 chain mail
rPois    .         Spirit   .   (helmet restricted)
rElec    .         Reflect  .   (no cloak)
rCorr    .         Harm     .   (no gloves)
MR       .....                  (no boots)
Stlth    ..........             d - amulet of the acrobat
HPRegen  0.13/turn              g - ring of protection from fire
MPRegen  0.08/turn              (no ring)

@: no status effects
A: retaliatory headbutt, horns 2
a: Berserk, Trog's Hand, Renounce Religion


You were on level 2 of the Dungeon.
You worshipped Trog.
Trog was pleased with you.
You were not hungry.

You visited 1 branch of the dungeon, and saw 2 of its levels.

You collected 70 gold pieces.

Inventory:

Hand Weapons
 a - a +0 hand axe (weapon)
Missiles
 k - 18 poisoned needles
Armour
 i - a +0 chain mail (worn)
Jewellery
 d - an amulet of the acrobat (around neck)
 g - a ring of protection from fire (left hand)
Scrolls
 e - 3 scrolls of identify {unknown}
 h - a scroll of fear {unknown}
 l - a scroll of immolation {unknown}
Potions
 f - a potion of flight {unknown}
 j - a potion of curing {unknown}
 m - a potion of haste {unknown}
Comestibles
 b - a chunk of flesh
 c - a ration


   Skills:
 + Level 4.9 Fighting
 + Level 5.1 Axes
 + Level 2.9 Armour
 - Level 2.2 Dodging


You had 3 spell levels left.
You didn't know any spells.
Your spell library was empty.

Dungeon Overview and Level Annotations

Branches:
Dungeon (2/15)

Altars:

Annotations:
D:2 Sigmund


Innate Abilities, Weirdness & Mutations

You reflexively headbutt those who attack you in melee.
You have a pair of horns on your head.


Message History

An adder comes into view.
The adder hisses angrily.
Something hits you but does no damage.
You feel less confused. The adder bites you but does no damage.
You hit the adder but do no damage. Your headbutt misses the adder.
The adder bites you.
* * * LOW HITPOINT WARNING * * *
The adder closely misses you.
You hit the adder.
The adder is moderately wounded.
Something hits you.
* * * LOW HITPOINT WARNING * * *
The adder barely misses you.
You hit the adder. You headbutt the adder!
You kill the adder!
Trog accepts your kill.
A magic dart appears from out of thin air!
The magic dart hits you!
You die...

....##........
#...##.. #......#..
#...##...#......#..
#...##.............
#...# #............
#...###............
#...##.............
#...##.............
#.@.##.............
#...{..............
###..........##....
#..........##....
#..........##....
#$.........######
#.!........#
#..........#
#..........#


There were no monsters in sight!

Vanquished Creatures
  Jessica (D:2)
  3 adders (D:2)
  An ooze (D:2)
  An adder skeleton (D:2)
  2 worms (D:2)
  A dart slug (D:1)
  7 goblins
  A hobgoblin (D:1)
  4 jackals (D:1)
  5 bats
  4 frilled lizards (D:1)
  4 rats
34 creatures vanquished.

Vanquished Creatures (others)
  5 toadstools (D:2)
5 creatures vanquished.

Grand Total: 39 creatures vanquished

Notes
Turn   | Place    | Note
-------+----------+-------------------------------------------
     0 | D:1      | Pisosu the Minotaur Berserker began the quest for the Orb.
     0 | D:1      | Reached XP level 1. HP: 19/19 MP: 0/0
   252 | D:1      | Reached XP level 2. HP: 27/27 MP: 1/1
   279 | D:1      | Reached skill level 4 in Axes
   883 | D:2      | Reached XP level 3. HP: 34/34 MP: 2/2
   962 | D:2      | Noticed Jessica
   973 | D:2      | Killed Jessica
   973 | D:2      | Reached ** piety under Trog
   973 | D:2      | Reached skill level 5 in Axes
   973 | D:2      | Reached XP level 4. HP: 28/41 MP: 3/3
  1121 | D:2      | Noticed Sigmund
  1139 | D:2      | Killed from afar by Sigmund

Skill      XL: |  1  2  3 |
---------------+----------+-----
Fighting       | 4 |  4.9
Axes           | 4 5 |  5.1
Armour         | |  2.9
Dodging        | |  2.2

Action                   |  1- 3 |  4- 6 || total
-------------------------+-------+-------++-------
Melee: Hand axe          |    56 |    11 ||    67
       Headbutt          |     9 |     3 ||    12
 Stab: Sleeping          |     1 |       ||     1
  Eat: Chunk             |       |     1 ||     1
Armor: Animal skin       |     8 |       ||     8
       Chain mail        |    14 |     6 ||    20
Dodge: Dodged            |    35 |     5 ||    40
